 Dungeon Crawl Stone Soup version 0.28-a0-407-g69098e2f6d (webtiles) character file.

Game seed: 7607888882867528200

80 ytrimaz the Insei (level 4, 0/29 HPs)
             Began as an Octopode Transmuter on Sept 5, 2021.
             Slain by a scorpion (2 damage)
             ... on level 2 of the Dungeon.
             The game lasted 00:04:50 (2590 turns).

ytrimaz the Insei (Octopode Transmuter)             Turns: 2590, Time: 00:04:51

Health: 0/29       AC:  1    Str: 15    XL:     4   Next: 39%
Magic:  3/8        EV: 13    Int: 16    God:
Gold:   134        SH:  0    Dex: 12    Spells: 5/8 levels left

rFire   . . .      SeeInvis .     - Unarmed
rCold   . . .      Faith    .   (no shield)
rNeg    . . .      Spirit   .   (helmet currently unavailable)
rPois   .          Reflect  .   (no amulet)
rElec   .          Harm     .   a - +6 ring of strength
rCorr   .          Rampage  .   (no ring)
Will    .....                   (no ring)
Stlth   ++........              (no ring)
HPRegen 0.09/turn               (no ring)
MPRegen 0.11/turn               (no ring)
                                (no ring)
                                (no ring)

@: lethally poisoned (0 -> -12), appendages, wereblooded
A: tentacle spike 3, almost no armour, amphibious, 8 rings, camouflage 1,
gelatinous body 1, (nimble swimmer 1), tentacles
a: End Transformation


You were on level 2 of the Dungeon.
One of your tentacles had grown a beastly spike.
You visited 1 branch of the dungeon, and saw 3 of its levels.

You collected 134 gold pieces.

Inventory:

Jewellery
 a - a +6 ring of strength (left tentacle)
Potions
 b - a potion of degeneration {unknown}
 c - a potion of curing


   Skills:
 * Level 1.8 Fighting
 + Level 2.4 Dodging
 + Level 3.9 Unarmed Combat
 * Level 2.7 Spellcasting
 - Level 2.0 Transmutations


You had 5 spell levels left.
You knew the following spells:

 Your Spells              Type           Power      Damage    Failure   Level
a - Beastly Appendage     Tmut           16%        N/A       9%          1
b - Wereblood             Tmut           8%         N/A       13%         2

Your spell library contained the following spells:

 Spells                   Type           Power      Damage    Failure   Level
 Corpse Rot               Necr/Air       N/A        N/A       28%         2
 Poisonous Vapours        Pois/Air       4%         N/A       28%         2
 Spider Form              Tmut/Pois      2%         N/A       36%         3
 Ozocubu's Armour         Ice            2%         N/A       50%         3
 Ice Form                 Ice/Tmut       5%         N/A       77%         4
 Ozocubu's Refrigeration  Ice            1%         4d5       100%        7


Dungeon Overview and Level Annotations

Branches:
Dungeon (3/15)

Altars:
Makhleb


Innate Abilities, Weirdness & Mutations

One of your tentacles has grown a beastly spike.
You cannot wear most types of armour.
You are amphibious.
You can wear up to eight rings at the same time.
Your skin changes colour to match your surroundings (Stealth+).
Your rubbery body absorbs attacks. (AC +1, EV +1)
((You are camouflaged near water. (Stealth+)))
You have tentacles for arms and can constrict up to eight enemies at once.


Message History

Your magical contamination has completely faded away.
Casting: Beastly Appendage (safe; 9% risk of failure)
Confirm with . or Enter, or press ? or * to list all spells.
Your blood is infused with primal strength.
You tentacle-slap the scorpion. Your grab misses the scorpion.
Your tentacle spike misses the scorpion.
The scorpion is lightly wounded.
The scorpion barely misses you.
You tentacle-slap the scorpion but do no damage.
Your grab misses the scorpion.
You pierce the scorpion, but do no damage.
Your squeeze misses the scorpion.
The scorpion is lightly wounded.
The scorpion stings you. x2
You are poisoned.
The scorpion poisons you!
You completely miss the scorpion. Your grab misses the scorpion.
You squeeze the scorpion!
The scorpion is severely wounded.
You feel very sick. The scorpion stings you.
You are lethally poisoned!
The scorpion poisons you!
Casting: Wereblood (safe; 13% risk of failure)
Confirm with . or Enter, or press ? or * to list all spells.
You extend your transformation's duration.
You feel very sick. The scorpion misses you.
You tentacle-slap the scorpion. Your grab misses the scorpion.
The scorpion is almost dead.
* * * LOW HITPOINT WARNING * * *
You feel very sick.
The scorpion stings you but does no damage.
You closely miss the scorpion. Your grab misses the scorpion.
You squeeze the scorpion, but do no damage.
The scorpion is almost dead.
* * * LOW HITPOINT WARNING * * *
You feel very sick. The scorpion stings you.
You die...

....#...#..........####
...##...########.#....+
...##...# #.######
..###.(># #####.# .##
#..## #.....# ## #..#
#.....#### # ####
#........# #........#
#....@...#
#....s#######
#...........#
######.........#
#..............#
#.#.#......#####
.####.....####.#
..........# #.#
..........# #.#


You could see a scorpion.

Vanquished Creatures
  2 adders (D:2)
  A worm (D:2)
  2 dart slugs (D:1)
  3 bats (D:1)
  5 endoplasms
  2 giant cockroaches (D:1)
  12 goblins
  4 hobgoblins
  3 quokkas
  4 ball pythons
  3 frilled lizards
  4 kobolds (D:1)
  6 rats
51 creatures vanquished.

Notes
Turn   | Place    | Note
-------+----------+-------------------------------------------
     0 | D:1      | ytrimaz the Octopode Transmuter began the quest for the
                  | Orb.
     0 | D:1      | Reached XP level 1. HP: 13/13 MP: 3/3
   288 | D:1      | Reached XP level 2. HP: 18/18 MP: 5/5
   647 | D:1      | Learned a level 2 spell: Wereblood
   880 | D:1      | Reached XP level 3. HP: 15/23 MP: 2/6
  1287 | D:1      | Found a faded altar of an unknown god.
  1411 | D:2      | Found a burning altar of Makhleb.
  1936 | D:2      | You fall into a shaft and drop 1 floor!
  1947 | D:3      | Reached XP level 4. HP: 8/29 MP: 4/8
  1954 | D:3      | HP: 1/29 [goblin (1)]
  2572 | D:2      | Noticed a scorpion
  2590 | D:2      | Slain by a scorpion

Illustrated notes

Levels and vault maps discovered:
D:1:      minmay_arrival_semitransparent, layout_basic,
          dilly_ecumenical_altar_fadedgnrine
D:2:      layout_basic, basic_altar, skrybe_limestone_x, lightli_corner_chamber
D:3:      cheibrodos_greedy_goblins, layout_loops_ring,
          cheibrodos_ashenzari_chains, minmay_misc_feat_enclosed,
          minmay_diced_spiral

Action                   |  1- 3 |  4- 6 || total
-------------------------+-------+-------++-------
Melee: Unarmed           |    75 |    34 ||   109
       Constrict         |    21 |     4 ||    25
       Tentacles         |    12 |     4 ||    16
       Punch             |     6 |       ||     6
       Kick              |    10 |     2 ||    12
 Cast: Beastly Appendage |     7 |     3 ||    10
       Wereblood         |     1 |     2 ||     3
  Use: Scroll            |     3 |       ||     3
       Potion            |     1 |     4 ||     5
 Stab: Sleeping          |     5 |     1 ||     6
Armor: Skin              |     9 |    27 ||    36
Dodge: Dodged            |    84 |    27 ||   111

Table legend: (Time is in decaauts)
 A = Elapsed time spent in this place.
 B = Non-inter-level travel time spent in this place.
 C = Inter-level travel time spent in this place.
 D = Time resting spent in this place.
 E = Time spent auto-exploring this place.
 F = Levels seen in this place.
 G = Mean time per level.
                   A        B        C        D        E       F      G
               +--------+--------+--------+--------+--------+-----+--------+
         Total |   2581 |   2561 |     20 |    591 |   1446 |   3 |  860.3 |
       Dungeon |   2581 |   2561 |     20 |    591 |   1446 |   3 |  860.3 |
               +--------+--------+--------+--------+--------+-----+--------+

Top non-repeatable levels by time:
     D:1: 1308 daAuts
     D:2: 1097 daAuts
     D:3: 176 daAuts
